 Dungeon Crawl Stone Soup version 0.32-a0-768-g0f6f1dd4b9 (console) character file.

Game seed: 13906833166113820450

15491 jejorda2 the Spear-Bearer (level 12, -12/88 HPs)
             Began as a Coglin Berserker on Mar 19, 2024.
             Was a High Priest of Trog.
             Killed from afar by Nessos (16 damage)
             ... with an iceblast
             ... on level 12 of the Dungeon.
             The game lasted 00:33:46 (13133 turns).

jejorda2 the Spear-Bearer (Coglin Berserker)       Turns: 13133, Time: 00:33:48

Health: -12/88     AC: 19    Str: 22    XL:     12   Next: 27%
Magic:  12/12      EV:  8    Int:  8    God:    Trog [*****.]
Gold:   602        SH:  0    Dex: 13    Spells: 11/11 levels left

rFire   . . .        a - +1 trident {Nimrit}
rCold   . . .        u - +3 spear {Helmut}
rNeg    + . .        C - +3 chain mail {rN+}
rPois   .            e - +2 helmet
rElec   .            k - +0 cloak
rCorr   .            (no gloves)
SInv    .            (no boots)
Will    .....        (amulet unavailable) Stlth
                     (ring unavailable)
HPRegen 0.34/turn    (ring unavailable)
MPRegen 0.13/turn    (no gizmo)

%: no passive effects
@: lethally poisoned (-12 -> -28), studying Armour
A: off-hand wielding, slow wielding, warmup strikes, no jewellery
a: Invent Gizmo, Renounce Religion, Berserk, Trog's Hand, Brothers in Arms


You were on level 12 of the Dungeon.
You worshipped Trog.
Trog was extremely pleased with you.
You visited 1 branch of the dungeon, and saw 11 of its levels.
You also visited: Sewer, Ossuary and Bailey.

You collected 640 gold pieces.
You spent 38 gold pieces at shops.

Inventory:

Hand Weapons
 a - a +1 trident (weapon) {Nimrit}
 u - a +3 spear (offhand) {Helmut}
 A - the +7 long sword "Ygripub" {flame, rElec rPois rCorr Int+2}
   (You took it off a kobold demonologist in a bailey)

   Int+2:     It affects your intelligence (+2).
   rElec:     It insulates you from electricity.
   rPois:     It protects you from poison.
   rCorr:     It protects you from acid and corrosion.
Missiles
 b - 4 atropa-tipped darts
 c - 8 poisoned darts
 h - 11 boomerangs (quivered)
 n - 3 javelins
 p - 3 throwing nets
 q - 2 darts of dispersal
Armour
 e - a +2 helmet (worn)
 k - a +0 cloak (worn)
 C - a +3 chain mail of positive energy (worn)
Wands
 x - a wand of flame (18)
 z - a wand of paralysis (4)
 E - a wand of iceblast (15)
Scrolls
 g - 2 scrolls of fog
 s - a scroll of teleportation
 t - 3 scrolls of fear
 w - 2 scrolls of identify
 y - 3 scrolls of enchant weapon
 D - 2 scrolls of enchant armour
Potions
 d - 4 potions of heal wounds
 f - 7 potions of curing
 i - 4 potions of haste
 j - 4 potions of mutation
 l - 3 potions of invisibility
 m - 3 potions of cancellation
 o - a potion of ambrosia
 r - 3 potions of might
 v - 2 potions of attraction
 B - 3 potions of enlightenment
 F - 2 potions of lignification


   Skills:
 - Level 6.0 Fighting
 + Level 3.9 Long Blades
 * Level 13.8 Polearms
 + Level 5.7 Throwing
 + Level 9.2 Armour
 - Level 1.7 Dodging
 - Level 6.0 Evocations


You had 11 spell levels left.
You didn't know any spells.
Your spell library was empty.

Dungeon Overview and Level Annotations

Branches:
Dungeon (12/15)            Temple (0/1) D:5            Lair (0/5) D:9
  Sewer (visited)         Ossuary (visited)          Bailey (visited)
    Orc: D:9-12

Altars:
Dithmenos
Gozag
Hepliaklqana
Kikubaaqudgha
Makhleb
Nemelex Xobeh
Qazlal
Trog
Uskayaw
Vehumet
Xom
Zin

Shops:
D:3 (   D:5 (   D:7 *

Annotations:
D:4 2 transporters, Jefftoothebobb's ghost, weakling GrFE
D:6 3 runed translucent doors, exclusion: 3 doors, Sandpaper2's ghost, novice MDFi
D:9 1 transporter, hecktor's ghost, novice FoHu
D:12 3 runed translucent doors, Nessos; cjoo's ghost, journeyman TrFi


Innate Abilities, Weirdness & Mutations

You can wield a second weapon in your off-hand.
It takes a long time for you to wield or remove held weapons.
Your first few attacks do less damage.
You cannot equip rings or amulets.


Message History

Nessos the Markscentaur comes into view.
They are carrying a wand of iceblast.
Nessos shouts!
Nessos mumbles some strange words.
Nessos seems to speed up.
Aiming: Iceblast
Press: ? - help, Shift-Dir - straight line The mass of ice explodes!
The iceblast engulfs Nessos!
Nessos is lightly wounded.
Nessos wields a +3 longbow of flaming.
It bursts into flame!
Nessos shoots an arrow.
The arrow hits you but does no damage.
Nessos shoots an arrow.
The arrow hits you! The arrow burns you.
You are poisoned.
Aiming: Iceblast
Press: ? - help, Shift-Dir - straight line The mass of ice explodes!
The iceblast engulfs Nessos!
Nessos is moderately wounded.
You feel very sick.
Nessos shoots an arrow.
The arrow hits you but does no damage.
Nessos shoots an arrow.
The arrow hits you!! The arrow burns you.
You are lethally poisoned!
Aiming: Iceblast
Press: ? - help, Shift-Dir - straight line The mass of ice explodes!
The iceblast engulfs Nessos!!
Nessos is heavily wounded.
* * * LOW HITPOINT WARNING * * *
You feel extremely sick.
Nessos stands on their hind legs for a moment.
Nessos shoots an arrow.
The arrow hits you!
* * * LOW HITPOINT WARNING * * *
The arrow burns you.
You are more poisoned.
* * * LOW HITPOINT WARNING * * *
Unknown command.
You feel better.
Nessos shoots an arrow.
The arrow hits you!
* * * LOW HITPOINT WARNING * * *
The arrow burns you.
You are lethally poisoned!
* * * LOW HITPOINT WARNING * * *
Nessos zaps a wand.
The mass of ice explodes!
The iceblast engulfs you!
You die...

####### ############# ####
##.....# #.........<.. #...
#......# #........c... ##...
.......# #............ .....
.......# #............ .....
.......#####....@................
.................###.............
................## #............
................# #............
................## ##............
.................###............#
...........)...................#
...............................#
........................[#.....##


You could see Nessos (fast).

Vanquished Creatures
  A two-headed ogre (D:9)
  A boulder beetle (D:12)
  2 orc knights (Bailey)
  An orc sorcerer (Bailey)
  A manticore (D:12)
  Maurice (D:12)
  A gargoyle (D:12)
  2 kobold demonologists
  A rime drake (D:9)
  A komodo dragon (D:12)
  Psyche (D:12)
  4 trolls
  2 hornets
  3 slime creatures (D:12)
  3 wyverns
  A yak (D:10)
  A hog (D:12)
  2 vampire mosquitoes (D:10)
  A steam dragon (D:7)
  A water moccasin (D:7)
  An acid dragon (D:10)
  16 orc warriors
  A black bear (D:7)
  3 ice beasts (D:9)
  3 wolves (D:9)
  6 centaurs
  2 phantoms
  4 elf zombies (Ossuary)
  A kobold brigand (D:9)
  2 brain worms (Sewer)
  4 scorpions
  9 wights
  7 howler monkeys
  6 electric eels
  A hound (D:4)
  3 human zombies (Ossuary)
  A bombardier beetle (D:5)
  8 orc priests
  3 jellies
  A gnoll bouda (D:7)
  Ijyb (D:4)
  A sleepcap (D:6)
  A spectral scorpion (Ossuary)
  5 iguanas
  16 orc wizards
  2 crocodile zombies (Ossuary)
  3 spectral hounds (Ossuary)
  3 mummies (Ossuary)
  Robin (D:3)
  7 gnolls
  A river rat (Sewer)
  15 adders
  3 hound simulacra (Ossuary)
  A shadow imp (D:7)
  2 ufetubi (D:6)
  4 spectral adders (Ossuary)
  2 spectral gnolls (Ossuary)
  3 dart slugs
  A ribbon worm (D:2)
  2 adder simulacra (Ossuary)
  52 orcs
  7 endoplasms
  9 giant cockroaches
  7 gnoll zombies (Ossuary)
  25 goblins
  15 hobgoblins
  6 jackals
  4 quokkas
  6 ball pythons
  15 bats
  3 frilled lizards
  2 gnoll simulacra (Ossuary)
  A jackal simulacrum (Ossuary)
  9 kobolds
  6 kobold zombies (Ossuary)
  3 orc zombies (Ossuary)
  15 rats
  A spectral jackal (Ossuary)
373 creatures vanquished.

Vanquished Creatures (collateral kills)
  Kirke (D:12)
  A manticore (D:12)
  2 hogs (D:12)
4 creatures vanquished.

Grand Total: 377 creatures vanquished

Notes
Turn   | Place    | Note
-------+----------+-------------------------------------------
     0 | D:1      | jejorda2 the Coglin Berserker began the quest for the Orb.
     0 | D:1      | Reached XP level 1. HP: 18/18 MP: 1/1
    38 | D:1      | Reached skill level 3 in Polearms
    44 | D:1      | Reached XP level 2. HP: 22/24 MP: 2/2
   205 | D:1      | Found a faded altar of an unknown god.
   261 | D:1      | Reached ** piety under Trog
   262 | D:1      | Reached XP level 3. HP: 21/29 MP: 3/3
   657 | D:2      | Reached XP level 4. HP: 35/37 MP: 4/4
   820 | D:2      | Reached skill level 4 in Polearms
  1073 | D:2      | Reached *** piety under Trog
  1268 | D:3      | Found a glowing drain.
  1280 | Sewer    | Entered a sewer
  1359 | Sewer    | Identified the +3 leather armour of the Devil's Advocate
                  | {Regen+ rCorr}
  1373 | Sewer    | Noticed a brain worm
  1380 | Sewer    | Reached XP level 5. HP: 32/42 MP: 3/5
  1573 | Sewer    | Reached skill level 5 in Polearms
  1573 | Sewer    | Reached XP level 6. HP: 37/49 MP: 3/6
  1919 | D:3      | Noticed Robin
  1930 | D:3      | Killed Robin
  1956 | D:3      | Reached **** piety under Trog
  2318 | D:3      | Found Plog's Weapon Emporium.
  2328 | D:3      | Bought a +0 trident for 38 gold pieces
  2535 | D:4      | Reached skill level 5 in Fighting
  2535 | D:4      | Reached XP level 7. HP: 45/56 MP: 7/7
  2592 | D:4      | Found a sand-covered staircase.
  2601 | Ossuary  | Entered an ossuary
  2667 | Ossuary  | Reached skill level 6 in Polearms
  2961 | Ossuary  | Reached skill level 7 in Polearms
  2976 | Ossuary  | Reached XP level 8. HP: 40/64 MP: 8/8
  3170 | Ossuary  | Reached ***** piety under Trog
  3377 | D:4      | Found a transporter.
  3381 | D:4      | Found a transporter.
  3385 | D:4      | Noticed Jefftoothebobb's ghost (weakling GrFE)
  3448 | D:4      | Noticed Ijyb
  3461 | D:4      | Killed Ijyb
  3564 | D:4      | Reached skill level 8 in Polearms
  3999 | D:5      | Entered Level 5 of the Dungeon
  4095 | D:5      | Found a burning altar of Makhleb.
  4193 | D:5      | Found a radiant altar of Vehumet.
  4245 | D:5      | Noticed a wyvern
  4256 | D:5      | Killed a wyvern
  4332 | D:5      | Found a staircase to the Ecumenical Temple.
  4360 | D:5      | Reached skill level 9 in Polearms
  4384 | D:5      | Found a stormy altar of Qazlal.
  4432 | D:5      | Found a shadowy altar of Dithmenos.
  4465 | D:5      | Found a hide-covered altar of Uskayaw.
  4513 | D:5      | Found Yceri's Antique Weapon Emporium.
  4633 | D:6      | Reached XP level 9. HP: 49/69 MP: 9/9
  4845 | D:6      | Reached skill level 1 in Evocations
  4956 | D:6      | Found a sparkling altar of Nemelex Xobeh.
  5597 | D:6      | Noticed Sandpaper2's ghost (novice MDFi)
  5602 | D:6      | Noticed a deep elf pyromancer
  5613 | D:6      | Found a runed translucent gate.
  5613 | D:6      | Found a runed translucent gate.
  5613 | D:6      | Found a runed translucent gate.
  5639 | D:6      | Reached skill level 10 in Polearms
  6272 | D:7      | Found Zin's Purification Station.
  6275 | D:7      | Found a glowing silver altar of Zin.
  6342 | D:7      | Found a flagged portal.
  6352 | Bailey   | Entered a bailey
  6567 | Bailey   | Noticed an orc knight
  6579 | Bailey   | Killed an orc knight
  6629 | Bailey   | Reached skill level 5 in Evocations
  6766 | Bailey   | Reached XP level 10. HP: 69/76 MP: 10/10
  6789 | Bailey   | Noticed an orc knight
  6802 | Bailey   | Killed an orc knight
  6803 | Bailey   | Reached skill level 11 in Polearms
  6900 | Bailey   | Noticed a kobold demonologist
  7278 | Bailey   | Found an iron altar of Okawaru.
  7279 | Bailey   | Noticed an orc sorcerer
  7301 | Bailey   | Killed an orc sorcerer
  7302 | Bailey   | Reached skill level 1 in Throwing
  7333 | Bailey   | Identified the +7 long sword "Ygripub" {flame, rElec rPois
                  | rCorr Int+2}
  7345 | Bailey   | Killed a kobold demonologist
  7346 | Bailey   | Reached skill level 5 in Armour
  7652 | Bailey   | Acquired a manual of Armour
  7689 | D:7      | Received a gift from Trog
  7759 | D:7      | Found a bloodstained altar of Trog.
  7786 | D:7      | Paralysed by a hornet for 1 turns
  8477 | D:7      | Reached skill level 12 in Polearms
  9294 | D:8      | Reached XP level 11. HP: 69/81 MP: 11/11
  9372 | D:8      | Found a hazy altar of Hepliaklqana.
  9469 | D:8      | Found an ancient bone altar of Kikubaaqudgha.
  9474 | D:8      | Found a shimmering altar of Xom.
 10224 | D:9      | Found a staircase to the Lair.
 10639 | D:9      | Noticed a two-headed ogre
 10646 | D:9      | Killed a two-headed ogre
 11139 | D:9      | Noticed a two-headed ogre
 11141 | D:9      | Noticed a two-headed ogre
 11142 | D:9      | Noticed a two-headed ogre
 11143 | D:9      | Found a transporter.
 11143 | D:9      | Noticed hecktor's ghost (novice FoHu)
 11144 | D:9      | Identified the +10 dire flail "Suiggistrul" {venom,
                  | *Corrode +Blink SInv Stlth+}
 11144 | D:9      | Noticed a two-headed ogre
 11145 | D:9      | Noticed a two-headed ogre
 11440 | D:10     | Entered Level 10 of the Dungeon
 11639 | D:10     | Found an opulent altar of Gozag.
 11864 | D:10     | Reached skill level 1 in Long Blades
 11938 | D:10     | Reached skill level 13 in Polearms
 12073 | D:10     | You fall into a shaft and drop 2 floors!
 12117 | D:12     | Noticed Psyche
 12124 | D:12     | Killed Psyche
 12327 | D:12     | Found a stormy altar of Qazlal.
 12331 | D:12     | Noticed Kirke
 12334 | D:12     | Noticed a manticore
 12340 | D:12     | Killed a manticore
 12341 | D:12     | Reached skill level 5 in Throwing
 12348 | D:12     | Noticed a lindwurm
 12350 | D:12     | Killed Kirke
 12351 | D:12     | Reached XP level 12. HP: 88/88 MP: 12/12
 12372 | D:12     | Noticed Maurice
 12390 | D:12     | Killed Maurice
 12919 | D:12     | Found a runed translucent gate.
 12920 | D:12     | Found a runed translucent gate.
 12921 | D:12     | Found a runed translucent gate.
 12923 | D:12     | Noticed cjoo's ghost (journeyman TrFi)
 12924 | D:12     | Noticed a ten-headed hydra
 12938 | D:12     | Noticed a boulder beetle
 12953 | D:12     | Killed a boulder beetle
 13129 | D:12     | Noticed Nessos
 13133 | D:12     | HP: 4/88 [Nessos/arrow (1)]
 13133 | D:12     | Killed from afar by Nessos

Illustrated notes

Levels and vault maps discovered:
D:1:      minmay_arrival_stone_box, layout_basic, ebering_ecumenical_altar_box
D:2:      layout_basic, corexii_shack
D:3:      layout_loops_ring, serial_shops, shop_fountains,
          cheibrodos_sewer_entry_sluice, uniq_robin
D:4:      layout_basic, gammafunk_ghost_abyssal_escape,
          nicolae_ossuary_entry_monument, minmay_joined_circles, uniq_ijyb
D:5:      layout_basic, nicolae_overflow_hidden_temple,
          overflow_temple_1_default, marbit_many_paths,
          eat_drink_and_be_merry_uskayaw, grunt_dithmenos_smoke_and_mirrors,
          minmay_temple_entry_drinking_statues, serial_shops,
          nicolae_square_shop
D:6:      layout_layer_cave, mainiacjoe_overflow_surrounded_room,
          gammafunk_ghost_split
D:7:      layout_loops_corners, kennysheep_mini_moat, zin_purify,
          enter_bailey_3, hangedman_abyss_or_decor_passed
D:8:      layout_loops_ring, mainiacjoe_overflow_catwalk_spiral,
          worldfamousw_hep_ancestral_shrine
D:9:      layout_basic, hellmonk_lair_entry_icy, gammafunk_ghost_smash
D:10:     layout_roguey, nicolae_overflow_crystal_walls, nicolae_sextant,
          wad_floor_pattern_untrapped, st_stairs_4, nicolae_fort_ynox
D:12:     layout_big_octagon, david_orc_4, gammafunk_ghost_hydra_chop,
          grunt_qazlal_clouds, uniq_kirke, uniq_nessos, uniq_maurice,
          uniq_psyche

Skill      XL: |  1  2  3  4  5  6  7  8  9 10 11 12 |
---------------+-------------------------------------+-----
Polearms       | 3 4 5 7 9 10 12 13 | 13.8
Fighting       | 4 5 6 |  6.0
Armour         | 4 6 8 9 |  9.2
Evocations     | 5 6 |  6.0
Throwing       | 3 5 |  5.7
Long Blades    | 3 |  3.9
Dodging        | |  1.7

Action                     |  1- 3 |  4- 6 |  7- 9 | 10-12 || total
---------------------------+-------+-------+-------+-------++-------
  Melee: Spear             |   107 |   197 |   421 |   492 ||  1217
         Dagger            |    81 |   151 |       |       ||   232
         Trident           |       |    13 |   433 |   504 ||   950
  Throw: Boomerang         |       |       |       |    10 ||    10
         Dart              |       |       |       |     9 ||     9
 Invoke: Berserk           |       |       |     2 |     7 ||     9
         Trog's Hand       |       |       |       |     6 ||     6
         Brothers in Arms  |       |       |       |     1 ||     1
  Evoke: Wand              |       |       |     3 |    11 ||    14
    Use: Scroll            |       |     4 |    18 |     8 ||    30
         Potion            |       |       |       |     1 ||     1
   Stab: Paralysed         |       |       |       |     7 ||     7
 Armour: Ring mail         |    52 |    22 |       |       ||    74
         Chain mail        |       |    94 |   152 |   249 ||   495
         Plate armour      |       |       |   116 |    44 ||   160
  Dodge: Dodged            |    78 |    50 |    90 |    98 ||   316

Table legend: (Time is in decaauts)
 A = Elapsed time spent in this place.
 B = Non-inter-level travel time spent in this place.
 C = Inter-level travel time spent in this place.
 D = Time resting spent in this place.
 E = Time spent auto-exploring this place.
 F = Levels seen in this place.
 G = Mean time per level.
                   A        B        C        D        E       F      G
               +--------+--------+--------+--------+--------+-----+--------+
         Total |  12974 |  12660 |    314 |   1283 |   8628 |  14 |  926.7 |
       Dungeon |  10491 |  10177 |    314 |    670 |   7575 |  11 |  953.7 |
         Sewer |    547 |    547 |      0 |      0 |    400 |   1 |  547.0 |
       Ossuary |    628 |    628 |      0 |      3 |    331 |   1 |  628.0 |
        Bailey |   1308 |   1308 |      0 |    609 |    321 |   1 | 1308.0 |
               +--------+--------+--------+--------+--------+-----+--------+

Top non-repeatable levels by time:
     D:6: 1607 daAuts
     D:7: 1409 daAuts
     D:9: 1370 daAuts
  Bailey: 1308 daAuts
     D:8: 1075 daAuts
    D:12: 996 daAuts
     D:4: 898 daAuts
     D:3: 761 daAuts
     D:2: 638 daAuts
 Ossuary: 628 daAuts
    D:10: 605 daAuts
     D:1: 594 daAuts
   Sewer: 547 daAuts
     D:5: 533 daAuts
